 Dungeon Sprint DCSS version 0.31-a0-841-g038b102fc3 (webtiles) character file.

Game seed: 8960585085623934473

14425 sircluck the Brawler (level 11, -5/198 HPs)
             Began as a Troll Berserker on Sept 27, 2023.
             Was the Champion of Trog.
             Slain by an 18-headed hydra (12 damage)
             ... in the Dungeon (Sprint I: "Red Sonja").
             The game lasted 00:07:23 (1263 turns).

sircluck the Brawler (Troll Berserker)              Turns: 1263, Time: 00:07:24

Health: -5/198     AC: 12    Str: 31    XL:     11   Next: 88%
Magic:  10/10      EV: 11    Int: 11    God:    Trog [******]
Gold:   2468       SH:  9    Dex:  9    Spells: 10/10 levels left

rFire   . .          .
                       - Unarmed
rCold   . . .        k - +0 tower shield
rNeg    + + .        l - +2 troll leather armour
rPois   .            (helmet restricted)
rElec   .            j - +4 cloak "Wiplaly" {Drain rN++ Int+8}
rCorr   .            (gloves unavailable)
SInv    .            (boots unavailable)
Will    .....        r - amulet of regeneration Stlth
                     (no ring)
HPRegen 2.93/turn    (no ring)
MPRegen 0.12/turn

%: no teleportation
@: berserking, very quick
A: large, unfitting armour, claws 3, regeneration 1, shaggy fur 1, tough skin 1
a: Renounce Religion, Berserk, Trog's Hand, Brothers in Arms


You were in the Dungeon.
You worshipped Trog.
Trog was exalted by your worship.
You visited 1 branch You collected 3068 gold pieces.
You spent 600 gold pieces at shops.

Inventory:

Missiles
 o - 6 atropa-tipped darts
Armour
 a - a +0 animal skin
 j - the +4 cloak "Wiplaly" (worn) {Drain rN++ Int+8}
   (You found it in the Dungeon)

   Int+8:     It affects your intelligence (+8).
   rN++:      It greatly protects you from negative energy.
   Drain:     It drains your maximum health when unequipped.
 k - a +0 tower shield (worn)
 l - a +2 troll leather armour (worn)
 m - a scarf of resistance
Jewellery
 r - an amulet of regeneration (around neck)
Wands
 h - a wand of roots (20)
Scrolls
 g - 2 scrolls of blinking
 p - a scroll of fog {unknown}
 s - a scroll of identify
Potions
 b - 4 potions of curing
 c - a potion of heal wounds
 d - a potion of haste
 e - 2 potions of magic
 f - a potion of berserk rage
 i - a potion of might
 n - a potion of mutation {unknown}
Miscellaneous
 q - a phantom mirror


   Skills:
 + Level 15.2 Fighting
 + Level 15.0 Dodging
 + Level 17.6 Unarmed Combat


You had 10 spell levels left.
You didn't know any spells.
Your spell library was empty.

Dungeon Overview and Level Annotations

Branches:
Dungeon (1/1)

Altars:
Cheibriados
Dithmenos
Elyvilon
Fedhas
Gozag
Hepliaklqana
Kikubaaqudgha
Makhleb
Nemelex Xobeh
Okawaru
Qazlal
Ru
Sif Muna
Trog
Uskayaw
Vehumet
Wu Jian
Xom
Yredelemnul
Zin
The Shining One
Jiyva
Lugonu

Shops:
D !*?(:[*[[=[*=:[((:=[:


Innate Abilities, Weirdness & Mutations

You are too large for most types of armour.
You have claws for hands.
Your natural rate of healing is unusually fast.
You are covered in fur. (AC +1)
You have tough skin. (AC +1)


Message History

The 15-headed hydra barely misses you. x3
The 15-headed hydra bites you but does no damage.
You block the 15-headed hydra's attack. The 15-headed hydra bites you.
You tear one of the 15-headed hydra's heads off!
The 14-headed hydra grows two more!
You eviscerate the 16-headed hydra!!!
The 16-headed hydra is severely wounded.
You tear one of the 16-headed hydra's heads off!
The 15-headed hydra grows two more!
You claw the 17-headed hydra!
The 17-headed hydra is almost dead.
The 17-headed hydra bites you but does no damage.
The 17-headed hydra barely misses you.
The 17-headed hydra bites you but does no damage.
The 17-headed hydra misses you.
The 17-headed hydra bites you but does no damage.
The 17-headed hydra bites you. The 17-headed hydra bites you!
You block the 17-headed hydra's attack. The 17-headed hydra misses you.
You block the 17-headed hydra's attack. The 17-headed hydra bites you.
The 17-headed hydra misses you.
The 17-headed hydra bites you but does no damage.
The 17-headed hydra bites you!
The 17-headed hydra bites you but does no damage.
The 17-headed hydra bites you!
* * * LOW HITPOINT WARNING * * *
The 17-headed hydra bites you.
* * * LOW HITPOINT WARNING * * *
You barely miss the 17-headed hydra.
The 17-headed hydra is almost dead.
You tear one of the 17-headed hydra's heads off!
The 16-headed hydra grows two more!
You scratch the 18-headed hydra.
The 18-headed hydra is severely wounded.
The 18-headed hydra barely misses you. The 18-headed hydra bites you!
* * * LOW HITPOINT WARNING * * *
The 18-headed hydra bites you!
* * * LOW HITPOINT WARNING * * *
The 18-headed hydra bites you!
* * * LOW HITPOINT WARNING * * *
The 18-headed hydra bites you!
* * * LOW HITPOINT WARNING * * *
The 18-headed hydra bites you!
You die...

#####################
..#|.#§.§)†§.§§§@DG$#
).##'#.####§§§§§##$.+
..'§.#§#(###§§§## ##
###..'.#'#.###+#
.##+####...#y#
.#.....#...###
§#.○°○.+.....#
§###°..#....○#
.'.#...###○'##


You could see a 18-headed hydra and a floating eye (charged).

Vanquished Creatures
  A lorocyproca (D)
  2 centaur warriors (D)
  A demonic crawler (D)
  Sonja (D)
  A deep troll (D)
  A lindwurm (D)
  An oklob plant (D)
  A gargoyle (D)
  2 kobold demonologists (D)
  2 unseen horrors (D)
  A hornet (D)
  A slime creature (D)
  Sigmund (D)
  A yak (D)
  13 hogs (D)
  2 redbacks (D)
  2 floating eyes (D)
  An ogre (D)
  7 necrophages (D)
  8 jellies (D)
  Ijyb (D)
51 creatures vanquished.

Vanquished Creatures (collateral kills)
  3 demonic crawlers (D)
  8 shining eyes (D)
  4 floating eyes (D)
15 creatures vanquished.

Vanquished Creatures (others)
  2 ballistomycete spores (D)
2 creatures vanquished.

Grand Total: 68 creatures vanquished

Notes
Turn   | Place    | Note
-------+----------+-------------------------------------------
     0 | D        | sircluck the Troll Berserker began the quest for the Orb.
     0 | D        | Reached XP level 1. HP: 22/22 MP: 0/0
     1 | D        | Noticed Ijyb
     6 | D        | Killed Ijyb
     7 | D        | Reached skill level 4 in Unarmed Combat
     7 | D        | Reached XP level 2. HP: 28/31 MP: 1/1
    13 | D        | Noticed an ogre
    27 | D        | Killed an ogre
    28 | D        | Reached skill level 5 in Fighting
    28 | D        | Reached skill level 5 in Dodging
    28 | D        | Reached skill level 6 in Unarmed Combat
    28 | D        | Reached XP level 3. HP: 13/42 MP: 2/2
    28 | D        | Reached XP level 4. HP: 16/50 MP: 3/3
    71 | D        | Noticed Sigmund
    79 | D        | Killed Sigmund
    79 | D        | Reached ** piety under Trog
    80 | D        | Reached skill level 7 in Unarmed Combat
    80 | D        | Reached XP level 5. HP: 54/61 MP: 4/4
    98 | D        | Found an ornate altar of the Wu Jian Council.
    98 | D        | Found a shimmering blue altar of Sif Muna.
   100 | D        | Found a radiant altar of Vehumet.
   103 | D        | Reached skill level 8 in Unarmed Combat
   103 | D        | Reached XP level 6. HP: 68/68 MP: 5/5
   130 | D        | Found Vysueli's Weapon Emporium.
   130 | D        | Found an ancient bone altar of Kikubaaqudgha.
   130 | D        | Found a hazy altar of Hepliaklqana.
   130 | D        | Found a hide-covered altar of Uskayaw.
   130 | D        | Found a basalt altar of Yredelemnul.
   130 | D        | Found an opulent altar of Gozag.
   130 | D        | Found a snail-covered altar of Cheibriados.
   130 | D        | Found a sacrificial altar of Ru.
   130 | D        | Found a shadowy altar of Dithmenos.
   130 | D        | Noticed a yak
   133 | D        | Killed a yak
   139 | D        | Found a stormy altar of Qazlal.
   139 | D        | Found a blossoming altar of Fedhas.
   139 | D        | Found a bloodstained altar of Trog.
   139 | D        | Found an iron altar of Okawaru.
   139 | D        | Found a glowing golden altar of the Shining One.
   139 | D        | Found a glowing silver altar of Zin.
   139 | D        | Found a white marble altar of Elyvilon.
   140 | D        | Found a sparkling altar of Nemelex Xobeh.
   157 | D        | Found a burning altar of Makhleb.
   157 | D        | Found a viscous altar of Jiyva.
   157 | D        | Found a shimmering altar of Xom.
   157 | D        | Found a corrupted altar of Lugonu.
   157 | D        | Noticed a slime creature
   165 | D        | Killed a slime creature
   165 | D        | Reached *** piety under Trog
   166 | D        | Reached skill level 9 in Unarmed Combat
   166 | D        | Reached XP level 7. HP: 80/80 MP: 6/6
   221 | D        | Noticed a kobold demonologist
   222 | D        | Noticed a kobold demonologist
   227 | D        | Killed a kobold demonologist
   228 | D        | Reached skill level 10 in Unarmed Combat
   229 | D        | Noticed an ice devil
   232 | D        | Killed a kobold demonologist
   232 | D        | Reached **** piety under Trog
   233 | D        | Reached skill level 11 in Unarmed Combat
   233 | D        | Reached XP level 8. HP: 36/92 MP: 7/7
   284 | D        | Noticed a centaur warrior
   287 | D        | Noticed a centaur warrior
   314 | D        | Killed a centaur warrior
   315 | D        | Reached skill level 10 in Fighting
   315 | D        | Reached skill level 10 in Dodging
   316 | D        | Killed a centaur warrior
   317 | D        | Reached skill level 12 in Unarmed Combat
   317 | D        | Reached XP level 9. HP: 30/102 MP: 8/8
   429 | D        | Noticed an oklob plant
   436 | D        | Killed an oklob plant
   436 | D        | Reached ***** piety under Trog
   437 | D        | Reached skill level 13 in Unarmed Combat
   480 | D        | Identified the +5 scale mail of Seqoez {*Slow rElec Regen+
                  | rCorr Int+5}
   483 | D        | Identified the +4 cloak "Wiplaly" {Drain rN++ Int+8}
   499 | D        | Noticed a deep troll
   502 | D        | Killed a deep troll
   547 | D        | Found Yfrey's Armour Emporium.
   563 | D        | Noticed Sonja
   569 | D        | Killed Sonja
   570 | D        | Reached skill level 14 in Unarmed Combat
   570 | D        | Reached XP level 10. HP: 70/115 MP: 9/9
   629 | D        | Found Uhaebet's Distillery.
   640 | D        | Noticed a shining eye
   640 | D        | Noticed a shining eye
   640 | D        | Noticed a shining eye
   642 | D        | Paralysed by a floating eye for 2 turns
   644 | D        | Killed a shining eye
   647 | D        | Killed a shining eye
   648 | D        | Killed a shining eye
   648 | D        | Received a gift from Trog
   651 | D        | Noticed a shining eye
   652 | D        | Killed a shining eye
   653 | D        | Reached skill level 15 in Unarmed Combat
   654 | D        | Noticed a shining eye
   654 | D        | Noticed a shining eye
   656 | D        | Killed a shining eye
   659 | D        | Killed a shining eye
   662 | D        | Noticed a shining eye
   662 | D        | Noticed a shining eye
   665 | D        | Killed a shining eye
   670 | D        | Killed a shining eye
   671 | D        | Reached XP level 11. HP: 127/127 MP: 10/10
   676 | D        | Found Liunil's Book Shop.
   676 | D        | Found Deraiwec's Magic Scroll Emporium.
   676 | D        | Found Gyuris's Armour Boutique.
   677 | D        | Found Ziebam's Assorted Antiques.
   682 | D        | Bought a scroll of enchant armour for 90 gold pieces
   682 | D        | Bought a scroll of blinking for 90 gold pieces
   701 | D        | Bought a scroll of enchant armour for 90 gold pieces
   739 | D        | Noticed a demonic crawler
   739 | D        | Noticed a demonic crawler
   739 | D        | Noticed a demonic crawler
   739 | D        | Noticed a demonic crawler
   743 | D        | Killed a demonic crawler
   744 | D        | Killed a demonic crawler
   745 | D        | Reached skill level 16 in Unarmed Combat
   745 | D        | Killed a demonic crawler
   746 | D        | Killed a demonic crawler
   821 | D        | Received a gift from Trog
   838 | D        | Received a gift from Trog
   861 | D        | Reached ****** piety under Trog
   873 | D        | Identified the +7 spear of the Maze {flame, rElec rC++
                  | Will-}
   888 | D        | Found Ugustraze's Antique Armour Shoppe.
   888 | D        | Found Xelu's Assorted Antiques.
   888 | D        | Found Keuly's Armour Boutique.
   890 | D        | Found Wogeuh's Jewellery Emporium.
   890 | D        | Found Qaway's Antique Armour Shop.
   890 | D        | Found Iceatt's Assorted Antiques.
   890 | D        | Found Xiosmei's Jewellery Boutique.
   890 | D        | Found Mycingua's Book Emporium.
   890 | D        | Found Mueggub's Armour Shop.
   890 | D        | Found Ajae's Weapon Shoppe.
   894 | D        | Found Neosao's Weapon Boutique.
   895 | D        | Found Beits's Jewellery Emporium.
   895 | D        | Found Lakhlulei's Book Boutique.
   896 | D        | Found Izxustre's Book Emporium.
   903 | D        | Bought an amulet of regeneration for 330 gold pieces
   940 | D        | Received a gift from Trog
  1020 | D        | Killed a lorocyproca
  1021 | D        | Reached skill level 17 in Unarmed Combat
  1192 | D        | Noticed a lindwurm
  1198 | D        | Killed a lindwurm
  1217 | D        | Received a gift from Trog
  1221 | D        | Reached skill level 15 in Fighting
  1238 | D        | Received a gift from Trog
  1243 | D        | Reached skill level 15 in Dodging
  1255 | D        | Noticed a 12-headed hydra
  1263 | D        | HP: 7/198 [18-headed hydra (13)]
  1263 | D        | Slain by an 18-headed hydra

Illustrated notes

Levels and vault maps discovered:
D:        dungeon_sprint_1 [red_sonja_temple_1, red_sonja_temple_small_1]

Skill      XL: |  1  2  3  4  5  6  7  8  9 10 11 |
---------------+----------------------------------+-----
Fighting       | 3 5 6 8 9 10 12 13 15 | 15.2
Dodging        | 3 5 6 8 9 10 11 13 15 | 15.0
Unarmed Combat | 4 6 7 8 9 11 12 14 15 17 | 17.6

Action                     |  1- 3 |  4- 6 |  7- 9 | 10-12 || total
---------------------------+-------+-------+-------+-------++-------
  Melee: Unarmed           |    17 |    15 |    43 |   105 ||   180
         Punch             |       |       |     2 |       ||     2
 Invoke: Berserk           |       |     1 |     1 |     2 ||     4
         Brothers in Arms  |       |       |       |     3 ||     3
    Use: Scroll            |       |       |       |     3 ||     3
 Armour: Animal skin       |     6 |     8 |    38 |       ||    52
         Troll leather arm |       |       |     7 |   149 ||   156
  Dodge: Dodged            |     5 |     3 |    34 |    72 ||   114
  Block: Tower shield      |       |       |     6 |    56 ||    62

Table legend: (Time is in decaauts)
 A = Elapsed time spent in this place.
 B = Non-inter-level travel time spent in this place.
 C = Inter-level travel time spent in this place.
 D = Time resting spent in this place.
 E = Time spent auto-exploring this place.
 F = Levels seen in this place.
 G = Mean time per level.
                   A        B        C        D        E       F      G
               +--------+--------+--------+--------+--------+-----+--------+
         Total |   1274 |   1252 |     22 |    261 |    241 |   1 | 1274.0 |
       Dungeon |   1274 |   1252 |     22 |    261 |    241 |   1 | 1274.0 |
               +--------+--------+--------+--------+--------+-----+--------+

Top non-repeatable levels by time:
       D: 1274 daAuts
